 Dungeon Crawl Stone Soup version 0.31-a0-174-g85c54bcb58 (webtiles) character file.

Game seed: 733053916206010756

66 qw the Chopper (level 4, 0/28 HPs)
             Began as a Gargoyle Fighter on June 15, 2023.
             Slain by Robin
             ... wielding a +0 spear
              (3 damage)
             ... on level 2 of the Dungeon.
             The game lasted 00:00:34 (1013 turns).

qw the Chopper (Gargoyle Fighter)                   Turns: 1013, Time: 00:00:35

Health: 0/28       AC: 12    Str: 22    XL:     4   Next: 15%
Magic:  4/4        EV:  8    Int:  8    God:
Gold:   47         SH:  5    Dex: 15    Spells: 3/3 levels left

rFire   . . .        Y - +0 war axe
rCold   . . .        c - +0 buckler
rNeg    + . .        l - +0 chain mail
rPois   inf          (no helmet)
rElec   +            (no cloak)
rCorr   .            (no gloves)
SInv    .            (no boots)
Will    .....        (no amulet) Stlth
                     h - +6 ring of dexterity
HPRegen 0.24/turn    (no ring)
MPRegen 0.09/turn

%: no passive effects
@: no status effects
A: sickness immunity, AC +3, negative energy resistance 1, electricity
resistance, torment resistance 1, petrification resistance
a: no special abilities


You were on level 2 of the Dungeon.
You visited 1 branch of the dungeon, and saw 2 of its levels.

You collected 47 gold pieces.


Innate Abilities, Weirdness & Mutations

You are immune to sickness and miasma.
Your stone body is resilient. (AC +3)
You are immune to poison.
You resist negative energy. (rN+)
You are resistant to electric shocks. (rElec)
You are resistant to unholy torment.
You are immune to petrification.


   Skills:
 - Level 3.2 Fighting
 + Level 3.9 Axes
 - Level 3.2 Armour
 - Level 3.2 Shields


You had 3 spell levels left.
You didn't know any spells.
Your spell library was empty.

Inventory:

Hand Weapons
 f - a +0 club
 Y - a +0 war axe (weapon)
Armour
 c - a +0 buckler (worn)
 l - a +0 chain mail (worn)
Jewellery
 h - a +6 ring of dexterity (left hand)
Potions
 d - 2 potions of might

Dungeon Overview and Level Annotations

Branches:
Dungeon (2/15)

Altars:

Annotations:
D:2 Robin


Message History

You barely miss the hobgoblin. You barely miss the goblin. x2
You hit the adder. The adder bites you.
Robin hits you from afar with a +0 spear.
The goblin hits you but does no damage. You block the hobgoblin's attack.
The goblin barely misses you. The adder bites you but does no damage.
You slash the adder!
You kill the adder!
You slash the hobgoblin!
You kill the hobgoblin!
You closely miss the goblin. You slash the goblin!
You kill the goblin!
Robin hits you from afar with a +0 spear.
The goblin hits you with a +0 dagger. Robin closely misses you.
The hobgoblin hits you but does no damage.
The goblin barely misses you.
You have reached level 4!
You feel stronger.
You slash the hobgoblin!
You kill the hobgoblin!
You barely miss the goblin. Robin barely misses you.
You block the goblin's attack.
You barely miss the goblin.
Robin points. "Kill!"
You block Robin's attack. The goblin hits you but does no damage.
Robin laughs in a distinctly smug fashion.
Robin hits you but does no damage. The goblin hits you but does no damage.
You hit the goblin.
The goblin is heavily wounded.
The goblin no longer looks unusually strong.
Robin roars a battlecry!
The goblin goes into a battle-frenzy!
The goblin hits you but does no damage.
You barely miss the goblin.
The goblin is heavily wounded.
Robin hits you but does no damage. The goblin hits you but does no damage.
You hit the goblin.
The goblin is severely wounded.
You barely miss the worm.
Robin hits you from afar with a +0 spear.
You die...

.........###..#
...............#
##.........###.####..
......................
##....#.....##.#####.#
......#..%.........
......#.....##.####
......)g.........
......#@%....#.###
......)w%......#
.........g.......
.............####
#............#
...............
...........?.##
......##.....#


You could see a worm, Robin and a goblin (strong).

Vanquished Creatures
  An adder (D:2)
  A gnoll (D:1)
  A dart slug (D:1)
  4 ball pythons (D:1)
  4 bats (D:1)
  2 endoplasms (D:1)
  A giant cockroach (D:1)
  10 goblins
  7 hobgoblins
  2 kobolds (D:1)
  A quokka (D:1)
  4 frilled lizards (D:1)
  2 rats
40 creatures vanquished.

Notes
Turn   | Place    | Note
-------+----------+-------------------------------------------
     0 | D:1      | qw the Gargoyle Fighter began the quest for the Orb.
     0 | D:1      | Reached XP level 1. HP: 14/14 MP: 1/1
     0 | D:1      | 0 ||| qw: Version: 0.2-a-29-g511e9b1
     0 | D:1      | 0 ||| qw: Game counter: 5194
     0 | D:1      | 0 ||| qw: Always use a shield: true
     0 | D:1      | 0 ||| qw: God list: Okawaru
     0 | D:1      | 0 ||| qw: Allow faded altars: false
     0 | D:1      | 0 ||| qw: Do Orc after D:15 true
     0 | D:1      | 0 ||| qw: Do second Lair branch before Depths: true
     0 | D:1      | 0 ||| qw: Lair rune preference: random
     0 | D:1      | 0 ||| qw: Plans: Normal, Zot:1-4, Slime:5, God:TSO, Crypt,
                  | Tomb, Abyss, Pan, Hells, Win
     0 | D:1      | 0 ||| PLANNING D:1-11
    52 | D:1      | 52 ||| Stepping ~*~*~tactically~*~*~ (hiding).
   132 | D:1      | Reached XP level 2. HP: 19/19 MP: 2/2
   454 | D:1      | Reached skill level 3 in Axes
   547 | D:1      | Reached XP level 3. HP: 23/23 MP: 3/3
   919 | D:1      | 919 ||| UPGRADING to +0 chain mail.
   929 | D:1      | 929 ||| DROPPING +0 scale mail.
   930 | D:1      | 930 ||| UPGRADING to +6 ring of dexterity.
   931 | D:1      | 931 ||| DROPPING ring of magical power.
   932 | D:1      | 932 ||| READING scroll labelled OKOCUY XOJAFEV.
   933 | D:1      | 933 ||| READING scroll labelled ZYBIAST CIMEZ.
   934 | D:1      | 934 ||| READING scroll labelled YRCHAL WARU.
   935 | D:1      | 935 ||| READING scroll labelled DYGRIO XOTEQ.
   988 | D:2      | 988 ||| Stepping ~*~*~tactically~*~*~ (stealth).
   997 | D:2      | Noticed Robin
  1008 | D:2      | HP: 3/23 [Robin/+0 spear (3)]
  1008 | D:2      | HP: 1/23 [goblin/+0 dagger[Robin] (2)]
  1009 | D:2      | Reached XP level 4. HP: 1/28 MP: 4/4
  1013 | D:2      | Slain by Robin

Levels and vault maps discovered:
D:1:      roderic_chinese_lattice_arrival, layout_loops_corners
D:2:      layout_basic, basic_altar, serial_shops, nicolae_shop_rolled_up,
          chequers_serial_rivers_micro_b, uniq_robin

Skill      XL: |  1  2 |
---------------+-------+-----
Axes           | 2 3 |  3.9
Fighting       | |  3.2
Armour         | |  3.2
Shields        | |  3.2

Action                     |  1- 3 |  4- 6 || total
---------------------------+-------+-------++-------
  Melee: War axe           |    97 |     5 ||   102
    Use: Scroll            |     4 |       ||     4
 Armour: Scale mail        |    48 |       ||    48
         Chain mail        |    21 |     6 ||    27
  Dodge: Dodged            |    38 |     1 ||    39
  Block: Buckler           |    24 |     2 ||    26

Table legend:
 A = Non-vault XP
 B = Vault XP
 C = Vault XP percentage of total XP
 D = Non-vault monster count
 E = Vault monster count
 F = Vault count percentage of total count
                 A         B        C        D         E       F
            +---------+---------+-------+---------+---------+-------
      Total |      74 |      21 |  22.1 |      29 |      11 |  27.5
            +---------+---------+-------+---------+---------+-------
        D:1 |      57 |       0 |   0.0 |      26 |       0 |   0.0
        D:2 |      17 |      21 |  55.3 |       3 |      11 |  78.6
            +---------+---------+-------+---------+---------+-------
